 Dungeon Crawl Stone Soup version 0.29.1-2-gbd0b4ee654 (webtiles) character file.

Game seed: 1200844208437214619

6700 funnyparkerb the Skirmisher (level 11, -8/72 HPs)
             Began as a Kobold Hunter on Nov 16, 2022.
             Was a Priest of Okawaru.
             Mangled by a hornet (12 damage)
             ... while paralysed by a hornet
             ... on level 9 of the Dungeon.
             The game lasted 00:16:50 (9587 turns).

funnyparkerb the Skirmisher (Kobold Hunter)         Turns: 9587, Time: 00:16:51

Health: -8/72      AC:  6    Str:  9    XL:     11   Next: 23%
Magic:  14/14      EV:  3    Int: 11    God:    Okawaru [***...]
Gold:   446        SH:  0    Dex: 34    Spells: 5/10 levels left

rFire   . . .      SeeInvis .   g - +4 sling
rCold   . . .      Faith    .   (no shield)
rNeg    . . .      Spirit   .   x - +0 troll leather armour {Pargi}
rPois   .          Reflect  .   O - +0 helmet
rElec   .          Harm     .   n - scarf {repulsion}
rCorr   .          Rampage  .   t - +0 pair of gloves
Will    .....                   (no boots)
Stlth   ++++......              C - amulet of the acrobat
HPRegen 1.02/turn               R - +6 ring of dexterity
MPRegen 0.14/turn               v - +6 ring of dexterity

@: paralysed, lethally poisoned (-8 -> -11), repel missiles
A: small, no large weapons, nightstalker 3
a: Renounce Religion, Heroism


You were on level 9 of the Dungeon.
You worshipped Okawaru.
Okawaru was most pleased with you.
You visited 2 branches of the dungeon, and saw 10 of its levels.
You also visited: Sewer and Ossuary.

You collected 446 gold pieces.

Inventory:

Hand Weapons
 a - a +0 shortbow
 g - a +4 sling (weapon)
Missiles
 w - a boomerang of dispersal
 B - 6 throwing nets
Armour
 n - a scarf of repulsion (worn)
 t - a +0 pair of gloves (worn)
 x - a +0 troll leather armour (worn) {Pargi}
 O - a +0 helmet (worn)
Jewellery
 v - a +6 ring of dexterity (right hand)
 C - an amulet of the acrobat (around neck)
 E - a +4 ring of protection
 F - a ring of resist corrosion
 L - a ring of positive energy
 M - a ring of see invisible
 P - a +4 ring of evasion
 R - a +6 ring of dexterity (left hand)
Wands
 c - a wand of flame (22)
Scrolls
 b - 5 scrolls of immolation
 d - 4 scrolls of teleportation
 f - 2 scrolls of blinking {unknown}
 h - 3 scrolls of amnesia {unknown}
 l - 2 scrolls of magic mapping {unknown}
 m - 2 scrolls of torment {unknown}
 o - 4 scrolls of enchant weapon {unknown}
 p - 13 scrolls of identify {unknown}
 q - 3 scrolls of poison {unknown}
 s - 3 scrolls of butterflies {unknown}
 y - 3 scrolls of fear {unknown}
 D - 2 scrolls of enchant armour {unknown}
Potions
 e - 4 potions of mutation {unknown}
 i - a potion of attraction {unknown}
 j - 2 potions of brilliance {unknown}
 k - 6 potions of heal wounds
 r - 2 potions of resistance {unknown}
 u - 3 potions of cancellation {unknown}
 z - 2 potions of might {unknown}
 A - 5 potions of haste {unknown}
 G - 2 potions of flight {unknown}
 H - 2 potions of invisibility {unknown}
 I - 2 potions of degeneration {unknown}
 J - a potion of berserk rage {unknown}
 K - 2 potions of curing
 N - 2 potions of lignification
 Q - a potion of ambrosia {unknown}


   Skills:
 + Level 10.0 Fighting
 + Level 12.9 Ranged Weapons
 + Level 10.8 Dodging
 - Level 1.3 Stealth
 + Level 3.1 Translocations
 + Level 4.6 Invocations


You had 5 spell levels left.
You knew the following spells:

 Your Spells              Type           Power      Damage    Failure   Level
a - Swiftness             Air            0%         N/A       83%         3
b - Blink                 Tloc           14%        N/A       21%         2

Your spell library contained the following spells:

 Spells                   Type           Power      Damage    Failure   Level
 Lesser Beckoning         Tloc           7%         N/A       38%         3
 Sandblast                Erth           0%         2d4       45%         1
 Shock                    Conj/Air       0%         1d3       45%         1
 Passwall                 Tmut/Erth      0%         N/A       58%         2
 Stone Arrow              Conj/Erth      0%         3d7       83%         3
 Manifold Assault         Tloc           7%         N/A       98%         5
 Airstrike                Air            0%         2d(0-16)  99%         4
 Blade Hands              Tmut           0%         N/A       100%        5
 Iron Shot                Conj/Erth      0%         9d1       100%        6
 Animate Armour           Summ/Erth      Unusable   N/A       N/A         4

Dungeon Overview and Level Annotations

Branches:
Dungeon (9/15)             Temple (1/1) D:4           Sewer (visited)
Ossuary (visited)
   Lair: D:8-11         Orc: D:9-12

Altars:
Ashenzari
Cheibriados
Dithmenos
Elyvilon
Fedhas
Gozag
Hepliaklqana
Kikubaaqudgha
Makhleb
Nemelex Xobeh
Okawaru
Qazlal
Sif Muna
Uskayaw
Vehumet
Wu Jian
Xom
Yredelemnul
Zin
The Shining One

Shops:
D:1 *   D:8 :=


Innate Abilities, Weirdness & Mutations

You are small and have problems with some larger weapons.
You are completely attuned to the shadows.


Message History

You feel yourself slow down. The hornet attacks as you move away!
The hornet completely misses you. The yak attacks as you move away!
The yak completely misses you.
You feel very sick. The hornet completely misses you.
You shoot a sling bullet.
The sling bullet completely misses the hornet.
The sling bullet hits the yak.
The yak is lightly wounded.
You feel sick. The hornet completely misses you. The yak closely misses you.
The hornet completely misses you.
You shoot a sling bullet. The sling bullet hits the hornet.
The hornet is heavily wounded.
You feel yourself speed up.
You feel sick. The hornet barely misses you. The yak completely misses you. x2
The hornet stings you.
You feel yourself slow down.
You shoot a sling bullet.
The sling bullet closely misses the hornet.
You feel sick.
The hornet stings you but does no damage.
The yak completely misses you. The yak closely misses you.
You shoot a sling bullet. The sling bullet hits the hornet.
The hornet is severely wounded.
You feel sick. The hornet closely misses you. The yak barely misses you.
The yak completely misses you. The hornet misses you.
You shoot a sling bullet.
The sling bullet closely misses the hornet.
You feel yourself speed up.
You feel sick. The hornet closely misses you. The yak completely misses you.
The yak gores you! The hornet stings you!
* * * LOW HITPOINT WARNING * * *
You are more poisoned.
You suddenly lose the ability to move!
The yak gores you!
* * * LOW HITPOINT WARNING * * *
The yak gores you.
* * * LOW HITPOINT WARNING * * *
* * * LOW HITPOINT WARNING * * *
You feel very sick. The hornet stings you!
You die...

#..'......#..#....
#..#......#..#....
#######...#..####.
#...............#.
#...............#.
#...............#.
#...............#.
#...............'.
#@Y.............#.
#yY.............##
#...............#.
#.†... ........#.
#...††... #.
#.....†.. ##
#........ #.
####..... #. ##


You could see 2 yaks and a hornet.

Vanquished Creatures
  Pikel (D:4)
  An ugly thing (D:9)
  A komodo dragon (D:9)
  Grinder (D:4)
  2 yaks (D:9)
  3 wraiths
  A wyvern (D:9)
  A steam dragon (D:8)
  2 water moccasins
  Duvessa (D:6)
  2 ice beasts
  Pargi (Sewer)
  3 black bears
  A sky beast (D:6)
  A centaur (D:5)
  2 lemures (D:3)
  An elf zombie (Ossuary)
  A kobold brigand (D:9)
  A necrophage (D:6)
  7 bullfrogs
  5 scorpions
  9 wights (D:8)
  Dowan (D:6)
  15 killer bees
  2 howler monkeys
  2 vampire bats (D:5)
  7 hounds
  2 orc priests
  2 jellies
  2 gnoll boudas
  2 iguanas (D:6)
  3 orc wizards
  3 mummies (Ossuary)
  15 adders
  23 gnolls
  2 shadow imps (D:6)
  A white imp (D:7)
  An ufetubus (D:6)
  2 worms
  9 dart slugs
  23 orcs
  2 bat skeletons (D:5)
  4 bat zombies (D:5)
  12 endoplasms
  9 giant cockroaches
  4 goblins
  7 hobgoblins
  2 jackals (D:4)
  6 kobolds
  7 quokkas
  9 ball pythons
  12 bats
  9 frilled lizards
  A goblin zombie (Ossuary)
  4 hobgoblin zombies (Ossuary)
  4 kobold zombies (Ossuary)
  3 rats
260 creatures vanquished.

Vanquished Creatures (others)
  42 fungi
  28 plants (D:9)
70 creatures vanquished.

Grand Total: 330 creatures vanquished

Notes
Turn   | Place    | Note
-------+----------+-------------------------------------------
     0 | D:1      | funnyparkerb the Kobold Hunter began the quest for the Orb.
     0 | D:1      | Reached XP level 1. HP: 12/12 MP: 1/1
   172 | D:1      | Reached XP level 2. HP: 13/18 MP: 2/2
   289 | D:1      | Found Nateycana's General Store.
   491 | D:1      | Reached XP level 3. HP: 22/22 MP: 3/3
  1125 | D:2      | Reached skill level 6 in Ranged Weapons
  1133 | D:2      | Reached XP level 4. HP: 28/28 MP: 4/4
  1705 | D:2      | Reached XP level 5. HP: 32/32 MP: 5/5
  1747 | D:2      | Found a faded altar of an unknown god.
  2193 | D:3      | Found an ornate altar of the Wu Jian Council.
  2616 | D:3      | Reached skill level 7 in Ranged Weapons
  2632 | D:3      | Reached XP level 6. HP: 20/38 MP: 6/6
  3151 | D:4      | Noticed Grinder
  3155 | D:4      | Noticed Pikel
  3431 | D:4      | Paralysed by Grinder for 4 turns
  3439 | D:4      | Paralysed by Grinder for 5 turns
  3447 | D:4      | Killed Grinder
  3448 | D:4      | Reached skill level 5 in Fighting
  3448 | D:4      | Reached skill level 8 in Ranged Weapons
  3448 | D:4      | Reached skill level 5 in Dodging
  3448 | D:4      | Reached XP level 7. HP: 18/44 MP: 7/7
  3581 | D:4      | Killed Pikel
  3582 | D:4      | Reached skill level 9 in Ranged Weapons
  3582 | D:4      | Reached XP level 8. HP: 51/51 MP: 8/8
  3709 | D:4      | Found a staircase to the Ecumenical Temple.
  3721 | Temple   | Entered the Ecumenical Temple
  3724 | Temple   | Found a transporter.
  3724 | Temple   | Found a transporter.
  3726 | Temple   | Found a transporter.
  3726 | Temple   | Found a transporter.
  4072 | D:5      | Entered Level 5 of the Dungeon
  4225 | D:5      | Found a glowing drain.
  4263 | Sewer    | Entered a sewer
  4281 | Sewer    | Noticed Pargi
  4290 | Sewer    | Killed Pargi
  4787 | D:5      | Reached XP level 9. HP: 30/56 MP: 9/9
  4826 | D:5      | Reached skill level 10 in Ranged Weapons
  5038 | D:5      | Found a radiant altar of Vehumet.
  5178 | D:5      | Found a burning altar of Makhleb.
  5391 | D:5      | Found an ancient bone altar of Kikubaaqudgha.
  5682 | D:6      | Found a sparkling altar of Nemelex Xobeh.
  5682 | D:6      | Found a glowing golden altar of the Shining One.
  5694 | D:6      | Noticed Duvessa
  5696 | D:6      | Noticed Dowan
  5703 | D:6      | Killed Dowan
  5707 | D:6      | Killed Duvessa
  5792 | D:6      | Reached skill level 11 in Ranged Weapons
  5868 | D:6      | Found an opulent altar of Gozag.
  5985 | D:6      | Found a shimmering altar of Xom.
  6004 | D:6      | Found a sand-covered staircase.
  6009 | Ossuary  | Entered an ossuary
  6211 | Ossuary  | Reached XP level 10. HP: 65/65 MP: 10/10
  6632 | D:6      | Found an iron altar of Okawaru.
  6637 | D:6      | Became a worshipper of Warmaster Okawaru
  6646 | D:6      | Found a white marble altar of Elyvilon.
  6700 | D:6      | Found a hazy altar of Hepliaklqana.
  6882 | D:7      | Reached skill level 1 in Invocations
  7004 | D:7      | Reached skill level 12 in Ranged Weapons
  7009 | D:7      | Reached * piety under Okawaru
  7046 | D:7      | Found a broken altar of Ashenzari.
  7761 | D:8      | Found Ozxeylokh's Jewellery Emporium.
  7807 | D:8      | Learned a level 3 spell: Swiftness
  7810 | D:8      | Learned a level 2 spell: Blink
  7942 | D:8      | Reached skill level 10 in Dodging
  8205 | D:8      | Found Siacaiq's Self-Improvement Boutique.
  8243 | D:8      | Reached skill level 1 in Translocations
  8528 | D:8      | Found a blossoming altar of Fedhas.
  9131 | D:9      | Reached ** piety under Okawaru
  9162 | D:9      | Noticed a komodo dragon
  9366 | D:9      | Killed a komodo dragon
  9367 | D:9      | Reached XP level 11. HP: 72/72 MP: 13/13
  9431 | D:9      | Noticed a white ugly thing
  9443 | D:9      | Killed a white ugly thing
  9562 | D:9      | Reached skill level 10 in Fighting
  9569 | D:9      | Reached *** piety under Okawaru
  9586 | D:9      | Paralysed by a hornet for 3 turns
  9587 | D:9      | Mangled by a hornet

Illustrated notes

Levels and vault maps discovered:
D:1:      dpeg_arrival_simpleton_b, layout_basic, serial_shops,
          nicolae_shop_window_shopping
D:2:      layout_loops_ring, hellmonk_ecumenical_altar_crossroads,
          minmay_misc_feat_four_crosses, glass_columns_c
D:3:      layout_rooms, nicolae_overflow_hidden_temple, hex_large
D:4:      layout_rooms, minmay_temple_entry_grid, uniq_grinder, uniq_pikel
D:5:      old_forge, layout_loops_corners, mainiacjoe_overflow_tiny_flanked,
          makhleb_heckhound_becter, kennysheep_vampire_church,
          gup_sewer_entry_pipe, minmay_misc_feat_tiny, nrook_loot_triangle
D:6:      layout_rooms, grunt_temple_overflow_open,
          amethyst_overflow_temple_binary, lemuel_coloured_pillars_altar,
          enter_ossuary_5, uniq_duvessa
D:7:      layout_cave_pods, ashenzari_altar_1
D:8:      layout_layer_cave, mainiacjoe_overflow_surrounded_room, serial_shops,
          nicolae_stop_n_shop_1, nicolae_shop_self_help
D:9:      layout_grid_maze, due_lair_maze_entry_diamond
Temple:   hellmonk_temple_divided_pantheon

Skill      XL: |  1  2  3  4  5  6  7  8  9 10 11 |
---------------+----------------------------------+-----
Dodging        | 3 4 5 6 7 9 10 | 10.8
Fighting       | 3 5 6 8 9 10 | 10.0
Ranged Weapons | 6 7 8 9 11 12 | 12.9
Invocations    | 3 4 |  4.6
Translocations | 2 3 |  3.1
Stealth        | |  1.3

Action                   |  1- 3 |  4- 6 |  7- 9 | 10-12 || total
-------------------------+-------+-------+-------+-------++-------
 Fire: Shortbow          |    43 |       |       |       ||    43
       Sling             |    37 |   147 |   282 |   332 ||   798
Throw: Boomerang         |       |       |     4 |       ||     4
Evoke: Wand              |       |     7 |       |     1 ||     8
  Use: Potion            |       |     3 |     3 |       ||     6
       Scroll            |       |       |       |     1 ||     1
Armor: Leather armour    |     4 |       |       |       ||     4
       Ring mail         |     1 |    44 |     8 |       ||    53
       Skin              |       |       |    25 |       ||    25
       Troll leather arm |       |       |    17 |    36 ||    53
Dodge: Dodged            |    32 |   112 |   129 |   400 ||   673
       Repelled          |       |     1 |       |     1 ||     2
